 Dungeon Crawl Stone Soup version 0.24.0-35-gdb84b6a5db (webtiles) character file.

Game seed: 3597113337126233330, levelgen mode: deterministic

92 Elektrikar the Magician (level 4, 0/24 HPs)
             Began as a Deep Elf Fire Elementalist on Nov 20, 2019.
             Killed by divine providence
             ... invoked by an orc priest
              (11 damage)
             ... on level 4 of the Dungeon.
             The game lasted 00:31:26 (3793 turns).

Elektrikar the Magician (DEFE)                      Turns: 3793, Time: 00:31:26

Health: 0/24       AC:  3    Str:  5    XL:     4   Next: 35%
Magic:  6/12       EV: 13    Int: 21    God:
Gold:   89         SH:  0    Dex: 15    Spells: 8/11 levels left

rFire    . . .     SeeInvis .   b - +0 mace
rCold    . . .     Gourm    .   (no shield)
rNeg     . . .     Faith    .   r - +0 robe
rPois    .         Spirit   .   (no helmet)
rElec    .         Reflect  .   (no cloak)
rCorr    .         Harm     .   (no gloves)
MR       .....                  d - +0 pair of boots
Stlth    ++........             v - amulet of the acrobat
HPRegen  0.08/turn              (no ring)
MPRegen  0.13/turn              (no ring)

@: no status effects
A: no striking features
a: no special abilities


You were on level 4 of the Dungeon.
You were not hungry.

You visited 1 branch of the dungeon, and saw 4 of its levels.

You collected 89 gold pieces.

Inventory:

Hand Weapons
 b - a +0 mace (weapon)
 f - a +0 hunting sling
 C - a +0 whip of venom
Missiles
 i - 113 stones (quivered)
 u - 2 javelins
 z - 18 sling bullets
Armour
 a - a +0 robe
 d - a +0 pair of boots (worn)
 e - a +0 ring mail
 l - a +0 leather armour
 r - a +0 robe (worn)
 B - a +0 pair of boots
Jewellery
 s - an uncursed ring of protection from fire {unknown}
 v - an amulet of the acrobat (around neck)
 w - a cursed ring of teleportation {unknown}
 A - an uncursed ring of fire {unknown}
Wands
 x - a wand of disintegration (8)
Scrolls
 g - 4 scrolls of identify {unknown}
 j - 2 scrolls of immolation {unknown}
 m - 3 scrolls of remove curse {unknown}
 n - 2 scrolls of enchant weapon {unknown}
 t - a scroll of fog {unknown}
 y - a scroll of teleportation {unknown}
Potions
 h - a potion of curing {unknown}
 k - a potion of flight {unknown}
 o - a potion of might {unknown}
 p - a potion of agility {unknown}
 q - a potion of mutation {unknown}
Comestibles
 c - 5 rations


   Skills:
 + Level 0.2 Fighting
 + Level 0.6 Maces & Flails
 + Level 0.2 Slings
 + Level 0.1 Armour
 + Level 3.0 Dodging
 + Level 2.7 Stealth
 + Level 4.1 Spellcasting
 + Level 1.8 Conjurations
 + Level 4.0 Fire Magic


You had 8 spell levels left.
You knew the following spells:

 Your Spells              Type           Power        Failure   Level  Hunger
a - Flame Tongue          Conj/Fire      ###..        3%          1    None
b - Throw Flame           Conj/Fire      ###...       5%          2    #......

Your spell library contained the following spells:

 Spells                   Type           Power        Failure   Level  Hunger
 Conjure Flame            Conj/Fire      ###.....     11%         3    ###....
 Inner Flame              Hex/Fire       ##......     16%         3    ###....
 Sticky Flame             Conj/Fire      ###.....     34%         4    ####...
 Fireball                 Conj/Fire      ###.......   69%         5    ######.


Dungeon Overview and Level Annotations

Branches:
Dungeon (4/15)
 Temple: D:4-7

Altars:


Message History

Aiming: Flame Tongue (safe; 3% risk of failure)
Press: ? - help, Shift-Dir - straight line, f/p - orc priest
Aim: an orc priest, wielding a +0 club (severely wounded)
The flame tongue hits the orc.
The orc is heavily wounded.
Casting: Flame Tongue (safe; 3% risk of failure)
Confirm with . or Enter, or press ? or * to list all spells.
Aiming: Flame Tongue (safe; 3% risk of failure)
Press: ? - help, Shift-Dir - straight line, f/p - orc priest
Aim: an orc priest, wielding a +0 club (severely wounded)
The flame tongue hits the orc priest.
The orc priest is almost dead.
The orc priest calls down the wrath of Beogh upon you.
Beogh smites you!
You hit the orc.
You kill the orc!
Your Fire Magic skill increases to level 4!
The orc priest invokes the aid of Beogh against you.
Beogh smites you!
You die...

#....#
.###...)##
..........
..#.?..
%.....
#.o.# #.†#
#@# #.#
#.# ...
.#. .. .#
.. .# ...
.#


You could see an orc priest.

Vanquished Creatures
  3 adders (D:2)
  3 dart slugs
  2 leopard geckos (D:2)
  2 orcs
  A giant cockroach (D:3)
  5 hobgoblins
  6 jackals (D:2)
  5 bats
  4 frilled lizards
  9 goblins
  7 kobolds
  5 rats
52 creatures vanquished.

Notes
Turn   | Place    | Note
-------+----------+-------------------------------------------
     0 | D:1      | Elektrikar the Deep Elf Fire Elementalist began the quest
                  | for the Orb.
     0 | D:1      | Reached XP level 1. HP: 10/10 MP: 6/6
   749 | D:1      | Reached XP level 2. HP: 15/15 MP: 5/8
   754 | D:1      | Learned a level 2 spell: Throw Flame
  1460 | D:2      | Reached XP level 3. HP: 18/19 MP: 3/9
  1709 | D:2      | Found a faded altar of an unknown god.
  2392 | D:2      | Reached XP level 4. HP: 24/24 MP: 7/11
  3793 | D:4      | Killed from afar by an orc priest

Levels and vault maps discovered:
D:1:      wander_arrival_peaceful_grave, layout_rooms
D:2:      layout_loops_corners, chequers_ecumenical_altar_simple_redux
D:3:      layout_loops_cross
D:4:      layout_rooms, first_ration

Skill      XL: |  1  2  3  4 |
---------------+-------------+-----
Dodging        | 3 |  3.0
Spellcasting   | 4 |  4.1
Fire Magic     | 4 |  4.0
Fighting       | |  0.2
Maces & Flails | |  0.6
Slings         | |  0.2
Armour         | |  0.1
Stealth        | |  2.7
Conjurations   | |  1.8

Action                   |  1- 3 |  4- 6 || total
-------------------------+-------+-------++-------
Melee: Mace              |    46 |     1 ||    47
       Unarmed           |     8 |       ||     8
 Fire: Hunting sling     |     4 |       ||     4
 Cast: Flame Tongue      |    42 |    11 ||    53
       Throw Flame       |    14 |    19 ||    33
  Eat: Chunk             |     5 |     1 ||     6
       Ration            |       |     1 ||     1
Armor: Ring mail         |     7 |       ||     7
       Robe              |     9 |     1 ||    10
Dodge: Dodged            |    62 |     3 ||    65
